woodfighter, chaotic female orcish Cavewoman ----- ...| ---------..-- |.......|...-- |....@..|JAA@---.. |...@...-aa%[AA.[....@ |.......|.A..---...... |.......|A@.-- -..%.. ---------..-- -|-- ...| ...----- ----- ......... ----./. ... woodfighter the Cave God Experience level: 30 Strength: 25 Dexterity: 18 Constitution: 18 Intelligence: 12 Wisdom: 8 Charisma: 8 Health: 125(199) Energy: 93(93) Def: 57 Gold: 0 Moves: 50643 Dungeon seed: mfPG7TVio3OZA_1T Game ID: woodfighter_1500855761 Your Inventory: Amulets M - a blessed amulet of life saving (being worn) Weapons a - the blessed +7 Big Stick (weapon in hand) b - 5 +6 dwarvish spears (in quiver) Armor n - a blessed thoroughly burnt +5 cloak of displacement (being worn) r - a cursed greased +5 gray dragon scale mail (being worn) z - a blessed rustproof +5 helm of telepathy (being worn) C - an uncursed +4 pair of gauntlets of power (being worn) N - an uncursed +4 pair of speed boots (being worn) O - an uncursed +5 shield of reflection (being worn) Comestibles x - 2 uncursed sprigs of wolfsbane K - an uncursed eucalyptus leaf Z - a cursed lizard corpse Potions j - 2 blessed potions of full healing Rings k - a blessed +3 ring of protection (on left hand) G - a blessed ring of free action (on right hand) P - a blessed ring of levitation Wands B - a wand of teleportation (0:4) I - a wand of fire (0:6) V - a wand of teleportation (0:7) Tools q - a -1 unicorn horn s - a blessed bag of holding v - an uncursed stethoscope y - a cursed skeleton key A - the blessed greased rustproof Master Key of Thievery L - an uncursed blindfold U - an uncursed magic lamp Gems e - an uncursed luckstone Contents of the bag of holding: an uncursed amulet of life saving an uncursed amulet of life saving an uncursed amulet of life saving the +7 Fire Brand 3 blessed +6 dwarvish spears an uncursed +0 mummy wrapping 9 uncursed K-rations an uncursed lizard corpse 9 blessed scrolls of blank paper 2 uncursed scrolls of blank paper a blessed scroll of charging a blessed scroll of gold detection 3 cursed scrolls of teleportation 2 blessed scrolls of wishing 14 blessed diluted potions of full healing 5 blessed potions of full healing 13 potions of holy water an uncursed ring of conflict an uncursed ring of conflict a blessed ring of free action an uncursed ring of free action an uncursed ring of levitation an uncursed +2 ring of protection an uncursed ring of regeneration an uncursed ring of regeneration an uncursed wand of death [0:5] a blessed wand of digging [0:5] a blessed wand of digging [0:4] an uncursed wand of digging [0:7] an uncursed wand of digging [0:7] an uncursed wand of digging [0:5] an uncursed wand of digging [0:8] an uncursed wand of digging [0:4] an uncursed wand of digging [0:4] an uncursed wand of digging [0:8] an uncursed wand of digging [0:4] an uncursed wand of teleportation [0:8] an uncursed wand of teleportation [0:3] an uncursed wand of teleportation [0:5] an uncursed wand of teleportation [0:5] a magic marker (0:0) a cursed [+0] pick-axe a +0 unicorn horn a -2 unicorn horn an uncursed [+0] unicorn horn an uncursed [-3] unicorn horn an uncursed [+0] unicorn horn an uncursed [+0] unicorn horn Spells and supernatural/magical abilities: Name Level Category Fail Memory s - slow monster 1* enchantment 100% 0% W - pray for help -- divine ? -- Your skills at the end: Miscellaneous Skills bare handed combat [Basic] shield [Skilled] wands [Basic] stealth [Skilled] Weapon Skills scimitar [Basic] club [Expert] spear [Expert] sling [Basic] Spellcasting Skills Final Attributes: You were piously aligned. You were fire resistant. You were cold resistant. You were sleep resistant. You were disintegration-resistant. You were shock resistant. You were poison resistant. You were magic-protected. You saw invisible. You were telepathic. You were warned. You had infravision. You were invisible to others. You were displaced. You were stealthy. You had teleport control. You were protected. You were very fast. You had reflection. You had free action. Your life would have been saved. You were extremely lucky. You had extra luck. Bad luck did not time out for you. Good luck did not time out for you. You survived. Vanquished creatures: Asmodeus Orcus Yeenoghu Juiblex The Wizard of Yendor (8 times) Famine a high priest 3 ancient green dragons 4 mammoths Vlad the Impaler Medusa 8 krakens an Archon 3 elder red dragons an elder blue dragon 6 iron golems a gray dragon 3 silver dragons 8 red dragons 9 white dragons an orange dragon 10 black dragons 7 blue dragons 8 green dragons a yellow dragon 5 storm giants a titan 11 deep ettins 4 glass golems 6 balrogs The Great Fierce Beast 3 purple worms 22 minotaurs 6 jabberwocks 14 baluchitheria 5 Angels a young gray dragon 8 young red dragons 7 young white dragons 8 young black dragons 8 young blue dragons 51 young green dragons a young yellow dragon 2 demiliches a stone golem 4 Olog-hai 2 Nazgul 22 pit fiends 2 sandestins 7 titanotheres 5 trappers 21 baby red dragons 2 gryphons a guardian naga 32 vampire lords 6 shades 5 skeletons 9 aligned priests 10 captains 4 liches 4 water trolls 6 clay golems 12 nurses 16 ice devils 12 nalfeshnees 3 lurkers above a frost giant a golden naga 5 black puddings 29 vampires 42 ghosts 7 ettins 8 lieutenants a queen bee 6 winged gargoyles 2 mind flayers 14 giant mimics 2 fire giants 3 ogre kings 9 Elvenkings 15 rock trolls 12 umber hulks 2 flesh golems 7 doppelgangers 26 hezrous 31 bone devils 10 large mimics 4 wumpuses 5 fire vortices a baby purple worm 6 long worms 16 stalkers 12 air elementals 7 fire elementals 6 earth elementals 7 water elementals 16 hill giants 3 giant mummies 2 black nagas 21 elf-lords 7 xorns 25 giant zombies 14 sergeants 29 vrocks 19 wargs 4 winter wolves 7 hell hound pups 6 quantum mechanics 18 small mimics 2 island nymphs 5 glass piercers 6 warhorses 5 steam vortices 16 xans 6 ettin mummies 4 ogre lords 17 trolls 2 sasquatches 2 wood golems 24 mariliths 3 sharks 3 electric eels a pyrolisk 3 large dogs 5 freezing spheres 5 flaming spheres 7 shocking spheres 9 tigers 9 gargoyles 3 dwarf kings 6 tengu 9 gelatinous cubes 8 ochre jellies 5 chameleons 4 leocrottas 5 energy vortices 2 mountain centaurs a giant 7 elf mummies 5 human mummies 4 red nagas 7 green slimes 16 Grey-elves 11 pit vipers 5 pythons 5 cobras 58 wraiths 20 ettin zombies 6 leather golems 54 soldiers 11 succubi 9 incubi 5 giant beetles 24 cockatrices 6 wolves 13 winter wolf cubs 7 black lights 6 lynxes 2 panthers 5 gremlins 25 leprechauns 5 quivering blobs 2 spotted jellies 12 lizards a mountain nymph an orc-captain a mumak 15 giant spiders 7 scorpions 4 iron piercers 5 horses 13 vampire bats 3 forest centaurs 8 gnome kings 6 orc mummies 4 dwarf mummies 3 ogres 7 brown puddings 11 Green-elves 4 rust monsters 20 owlbears 5 yetis 3 gold golems 8 werewolves 2 piranhas 12 giant eels 3 neanderthals 6 chickatrices 2 dogs a dingo 4 housecats 7 jaguars 10 dwarf lords 2 blue jellies 3 water nymphs 5 white unicorns 2 gray unicorns 3 dust vortices 6 ravens 8 plains centaurs 6 gnome mummies 2 Woodland-elves 5 snakes 5 apes 25 human zombies 3 rope golems 21 soldier ants 5 fire ants 15 yellow lights 50 bugbears a baby crocodile a wood nymph 5 Uruk-hai 2 orc shamans a rock mole 2 rock piercers 5 fog clouds 3 shriekers 3 violet fungi 13 gnome lords 4 gnomish wizards 6 kobold mummies 2 red naga hatchlings 7 gray oozes 4 barrow wights 15 elf zombies 14 ghouls a straw golem a paper golem 8 jellyfish 12 giant ants 4 puppies 10 floating eyes 4 kittens 26 dwarves 4 homunculi 4 kobold lords 3 kobold shamans 10 iguanas 21 hill orcs 10 rothes 7 rabid rats 3 centipedes 15 jitterbugs 9 giant bats 17 orc zombies 10 dwarf zombies 5 wererats 5 werejackals 54 killer bees 12 coyotes 3 gas spores 7 hobbits an acid blob 3 large kobolds 7 geckos 4 hobgoblins 12 giant rats 8 cave spiders a brown mold 4 yellow molds 2 green molds a red mold 68 gnomes 17 garter snakes 2 manes 21 gnome zombies 16 jackals 2 foxes 2 kobolds 13 newts a goblin 19 sewer rats 13 grid bugs 5 bats 8 lichens 20 kobold zombies 2360 creatures vanquished. Genocided species: hobbits dwarves bugbears dwarf lords dwarf kings quantum mechanics mind flayers master mind flayers wood nymphs water nymphs mountain nymphs island nymphs liches demiliches master liches arch-liches rust monsters disenchanters jellyfish piranhas sharks giant eels electric eels krakens 24 species genocided. Voluntary challenges: You used a wielded weapon 5647 times, starting on turn 5. You did not use plumbed fixtures. You read items or engraved 75 times, starting on turn 3904. You genocided 24 types of monsters, starting on turn 22684. You polymorphed 78 items, starting on turn 25031. You never changed form. You completed Sokoban on turn 7227, according to the rules. You used 3 wishes, starting on turn 10591. You wished for your your first artifact on turn 34478. You split 3 puddings, starting on turn 11605. You never wrote Elbereth's name. You violated your moral code, losing 9 points of alignment, starting on turn 4365. Dungeon overview: The Dungeons of Doom: levels 1 to 31 Level 1 an altar to Anu stairs to The Elemental Planes Level 2 ( ) a general store stairs to The Gnomish Mines Level 3 Level 4 some fountains Level 5 an armor shop, a fountain Level 6 some fountains Level 7 (leprechauns) Level 8 (leprechauns) a fountain Level 9 many fountains Level 10 a fountain stairs to Sokoban Level 11 some fountains Level 12 an altar to Anu, some fountains Level 13 Level 14 a general store, a fountain Level 15 Level 16 a fountain portal to The Quest Level 17 (rogue) Level 18 Level 19 (vault) Level 20 a bookstore, a fountain Level 21 an altar to Anu, a sink Level 22 Level 23 Level 24 (inv. island nymph with everything) Level 25 (medusa) Level 26 Level 27 Level 28 Level 29 Level 30 Level 31 a magic chest, a fountain, many trees Gehennom: levels 32 to 57 Level 32 a temple to Moloch, a magic chest stairs to The Dungeons of Doom Level 33 Level 34 Level 35 a magic chest, a fountain Level 36 Level 37 Level 38 Level 39 (juiblex) some fountains Level 40 Level 41 stairs to Vlad's Tower Level 42 a magic chest Level 43 (orcus) some shops, an altar to Moloch, a magic chest Level 44 Level 45 Level 46 Level 47 (wizard top) Level 48 Level 49 portal to Gehennom Level 50 Level 51 Level 52 (fake wizard1) portal to Gehennom Level 53 Level 54 (fake wizard2) Level 55 Level 56 Level 57 The Gnomish Mines: levels 3 to 10 Level 3 stairs to The Dungeons of Doom Level 4 Level 5 many shops, a temple to Anshar, a magic chest, some fountains Level 6 Level 7 Level 8 Level 9 Level 10 a magic chest, some fountains The Quest: levels 1 to 5 Level 1 (bell in room) an altar to Anshar, a magic chest portal to The Dungeons of Doom Level 2 Level 3 Level 4 Level 5 Sokoban: levels 6 to 9 Level 6 a magic chest Level 7 Level 8 Level 9 an altar to Anshar, a magic chest stairs to The Dungeons of Doom Vlad's Tower: levels 38 to 40 Level 38 Level 39 an altar to Moloch Level 40 stairs to Gehennom The Elemental Planes: Astral Plane <- You were here a high altar Plane 4 portal to The Elemental Planes Plane 3 portal to The Elemental Planes Plane 2 portal to The Elemental Planes Plane 1 portal to The Elemental Planes History has recorded: On T:1 you entered the Dungeons of Doom to retrieve the Amulet of Yendor! On T:79 you reached level 2 of The Dungeons of Doom. On T:405 you reached level 3 of The Dungeons of Doom. On T:606 you advanced to experience level 2. On T:659 you reached level 1 of The Gnomish Mines. On T:1037 you reached level 4 of The Dungeons of Doom. On T:1090 you advanced to experience level 3. On T:1662 you advanced to experience level 4. On T:1714 you reached level 5 of The Dungeons of Doom. On T:1827 you reached level 6 of The Dungeons of Doom. On T:2054 you advanced to experience level 5. On T:3069 you advanced to experience level 6. On T:3287 you advanced to experience level 7. On T:3368 you reached level 7 of The Dungeons of Doom. On T:3683 you reached level 8 of The Dungeons of Doom. On T:3920 you advanced to experience level 8. On T:4205 you reached level 9 of The Dungeons of Doom. On T:4558 you reached level 10 of The Dungeons of Doom. On T:4935 you reached level 11 of The Dungeons of Doom. On T:4992 you reached level 4 of Sokoban. On T:5013 you opened a magic chest. On T:5442 you reached level 3 of Sokoban. On T:6053 you reached level 2 of Sokoban. On T:6669 you reached level 1 of Sokoban. On T:7227 you advanced to experience level 9. On T:7227 you entered the Sokoban zoo. On T:7475 you prayed to Anshar. On T:9641 you reached level 2 of The Gnomish Mines. On T:10082 you reached level 3 of The Gnomish Mines. On T:10355 you entered the Minetown temple On T:10591 you wished for "+3 blessed fixed greased gray dragon scale mail". On T:10989 you reached level 4 of The Gnomish Mines. On T:11215 you reached level 5 of The Gnomish Mines. On T:11713 you reached level 6 of The Gnomish Mines. On T:12215 you reached level 7 of The Gnomish Mines. On T:12698 you reached level 8 of The Gnomish Mines. On T:12698 you reached the bottom of the Mines. On T:12786 you advanced to experience level 10. On T:14631 you reached level 12 of The Dungeons of Doom. On T:14674 you reached level 13 of The Dungeons of Doom. On T:14977 you reached level 14 of The Dungeons of Doom. On T:15602 you reached level 15 of The Dungeons of Doom. On T:15928 you reached level 16 of The Dungeons of Doom. On T:16394 you reached level 17 of The Dungeons of Doom. On T:16394 you entered the Rogue tribute level. On T:16741 you reached level 18 of The Dungeons of Doom. On T:16938 you advanced to experience level 11. On T:17139 you prayed to Anshar. On T:17276 you reached level 19 of The Dungeons of Doom. On T:17389 you reached level 20 of The Dungeons of Doom. On T:18600 you reached level 21 of The Dungeons of Doom. On T:18755 you reached level 22 of The Dungeons of Doom. On T:19326 you reached level 23 of The Dungeons of Doom. On T:19489 you reached level 24 of The Dungeons of Doom. On T:19959 you reached level 25 of The Dungeons of Doom. On T:21432 you advanced to experience level 12. On T:24752 you reached level 1 of The Quest. On T:25699 you prayed to Anshar. On T:25898 you reached level 26 of The Dungeons of Doom. On T:25902 you killed Medusa on level 26 of The Dungeons of Doom. On T:27168 you reached level 27 of The Dungeons of Doom. On T:27844 you reached level 28 of The Dungeons of Doom. On T:28191 you reached level 29 of The Dungeons of Doom. On T:28317 you advanced to experience level 13. On T:29093 you reached level 30 of The Dungeons of Doom. On T:29883 you prayed to Anshar. On T:30567 you advanced to experience level 14. On T:30899 you embarked upon an epic quest. On T:31028 you reached level 2 of The Quest. On T:31150 you reached level 3 of The Quest. On T:31431 you reached level 4 of The Quest. On T:31777 you reached level 5 of The Quest. On T:31840 you killed Great Fierce Beast on level 4 of The Quest. On T:31979 you completed the quest! On T:32465 you reached The Castle. On T:33422 you reached The Valley of the Dead. On T:33694 you advanced to experience level 15. On T:33926 you advanced to experience level 16. On T:33964 you advanced to experience level 17. On T:33980 you advanced to experience level 18. On T:34469 you wished for "+3 blessed greased fixed helm of telepathy". On T:34478 you wished for "blessed greased fixed the master key of thievery". On T:34541 you reached level 2 of Gehennom. On T:34792 you reached level 3 of Gehennom. On T:34909 you reached level 4 of Gehennom. On T:35853 you killed Asmodeus on level 3 of Gehennom. On T:36029 you reached level 5 of Gehennom. On T:36197 you reached level 6 of Gehennom. On T:36496 you reached level 7 of Gehennom. On T:36939 you reached level 8 of Gehennom. On T:37160 you killed Juiblex on level 8 of Gehennom. On T:37167 you reached level 9 of Gehennom. On T:37457 you reached level 10 of Gehennom. On T:37833 you reached level 3 of Vlad's Tower. On T:37886 you reached level 11 of Gehennom. On T:37948 you reached level 2 of Vlad's Tower. On T:38086 you reached level 1 of Vlad's Tower. On T:38312 you killed Vlad the Impaler on level 1 of Vlad's Tower. On T:38626 you killed Yeenoghu on level 10 of Gehennom. On T:38870 you reached level 12 of Gehennom. On T:39552 you reached level 13 of Gehennom. On T:39719 you killed Orcus on level 10 of Gehennom. On T:40079 you reached level 14 of Gehennom. On T:40542 you reached level 15 of Gehennom. On T:40664 you reached level 16 of Gehennom. On T:41287 you reached level 17 of Gehennom. On T:41483 you reached level 18 of Gehennom. On T:41829 you advanced to experience level 19. On T:42114 you reached level 19 of Gehennom. On T:42375 you advanced to experience level 20. On T:42642 you reached level 20 of Gehennom. On T:43134 you reached level 21 of Gehennom. On T:43287 you reached level 22 of Gehennom. On T:43711 you reached level 23 of Gehennom. On T:44345 you reached level 24 of Gehennom. On T:44835 you reached level 25 of Gehennom. On T:46835 you advanced to experience level 21. On T:46836 you advanced to experience level 22. On T:46837 you advanced to experience level 23. On T:46837 you advanced to experience level 24. On T:46838 you advanced to experience level 25. On T:46839 you advanced to experience level 26. On T:46840 you advanced to experience level 27. On T:46841 you advanced to experience level 28. On T:46842 you advanced to experience level 29. On T:46842 you advanced to experience level 30. On T:48214 you killed Wizard of Yendor on level 16 of Gehennom. On T:48220 you killed Wizard of Yendor on level 16 of Gehennom. On T:48303 you killed Wizard of Yendor on level 17 of Gehennom. On T:48405 you performed the invocation. On T:48406 you reached level 26 of Gehennom. On T:48553 you killed high priestess of Moloch on level 26 of Gehennom. On T:48555 you gained the Amulet of Yendor! On T:48893 you killed Wizard of Yendor on level 18 of Gehennom. On T:48910 you killed Wizard of Yendor on level 18 of Gehennom. On T:50196 you killed Wizard of Yendor on level 7 of The Dungeons of Doom. On T:50381 you reached the Plane of Earth. On T:50386 you killed Wizard of Yendor on the Plane of Earth. On T:50460 you reached the Plane of Air. On T:50538 you reached the Plane of Fire. On T:50553 you reached the Plane of Water. On T:50603 you reached the Astral Plane. On T:50614 you killed Famine on the Astral Plane. On T:50643 you lost the Amulet of Yendor. On T:50643 you offered the Amulet of Yendor to Anshar and ascended to the status of Demigoddess! Score breakdown: Gold: 0 ( 0 points) Experience: 30 levels ( 2000 points) Exploration: 57 levels ( 2000 points) Discoveries: 107 items ( 2000 points) Variety of kills: 277 monsters ( 2000 points) Major goal: ascended ( 5000 points) Ascension bonuses Valuables value: 600 ( 60 points) Artifact value: 2 ( 2000 points) Speed bonus: 50643 turns ( 2467 points) Conduct bonus: 3 conducts ( 4900 points) Survival: ascended (score multiplied by 10) Total score: 224270 Latest messages: The Angel of Ishtar swings her long sword at you. The Angel of Ishtar misses. (2x) The Angel of Ishtar casts a spell at you! A shower of missiles bounces off the cavewoman! The door opens. The gryphon pecks! The gryphon claws you! (2x) The high priest intones: "Pilgrim, you enter a sacred place!" The Angel of Ishtar swings her long sword at you. The Angel of Ishtar hacks you! The Angel of Ishtar swings her long sword at you. The Angel of Ishtar slashes you! The Angel of Ishtar punches you! The Angel of Ishtar casts a spell at you! A shower of missiles bounces off the cavewoman! The high priestess of Anshar drinks a potion of gain level! The high priestess of Anshar seems more experienced. The Angel of Moloch picks up a large shield. The Angel of Moloch picks up a wand of striking. "Hast thou been drinking, or art thou always so clumsy?" You offer the Amulet of Yendor to Anshar... An invisible choir sings, and you are bathed in radiance... The voice of Anshar booms: "Congratulations, mortal!" "In return for thy service, I grant thee the gift of Immortality!" You ascend to the status of Demigoddess... Final status: Goodbye woodfighter the Demigoddess, ascended... You went to your reward with 224270 points, Big Stick (worth 2500 zorkmids) Fire Brand (worth 3000 zorkmids) The Master Key of Thievery (worth 3500 zorkmids) 4 amulets of life saving (worth 600 zorkmids), and 0 pieces of gold, after 50643 moves. You were level 30 with a maximum of 199 hit points when you ascended.